 Dungeon Crawl Stone Soup version 0.17.0-24-gcfadda4 (webtiles) character file.

6667 Ohshi the Thaumaturge (level 10, 0/53 HPs)
             Began as a Deep Elf Fire Elementalist on Nov 17, 2015.
             Was a High Priest of Sif Muna.
             Slain by an elephant (18 damage)
             ... on level 1 of the Lair of Beasts.
             The game lasted 00:46:47 (7073 turns).

Ohshi the Thaumaturge (Deep Elf Fire Elementalist)  Turns: 7073, Time: 00:46:47

Health: 0/53       AC:  4    Str:  6    XL:     10   Next: 73%
Magic:  22/28      EV: 15    Int: 24    God:    Sif Muna [*****.]
Gold:   288        SH:  0    Dex: 15    Spells: 5 memorised, 18 levels left

rFire  . . .     SeeInvis .     I - +0 dagger (chaos)
rCold  . . .     Clarity  .     a - +1 robe
rNeg   . . .     SustAt   +     (no shield)
rPois  +         Gourm    .     G - +0 hat
rElec  .         Spirit   .     j - +0 cloak {rPois}
rCorr  .         Warding  .     (no gloves)
rMut   .         Stasis   .     (no boots)
MR     +....                    (no amulet)
Stlth  +++.......               l - +3 ring of strength
                                t - ring of sustain attributes

@: somewhat resistant to hostile enchantments, fairly stealthy
A: antennae 1, weak 1, MP-powered wands
a: Channel Energy, Forget Spell, Renounce Religion


You were on level 1 of the Lair of Beasts.
You worshipped Sif Muna.
Sif Muna was extremely pleased with you.
You were not hungry.

You visited 3 branches of the dungeon, and saw 10 of its levels.

You collected 472 gold pieces.
You spent 184 gold pieces at shops.

Inventory:

Hand Weapons
 d - a +0 short sword of speed
 I - a +0 dagger of chaos (weapon)
Armour
 a - a +1 robe (worn)
 j - a +0 cloak of poison resistance (worn)
 G - a +0 hat (worn)
Jewellery
 l - a +3 ring of strength (right hand)
 t - a ring of sustain attributes (left hand)
Wands
 m - a wand of slowing (34)
 w - a wand of flame (35)
 B - a wand of enslavement (9)
 C - a wand of fire (3)
 D - a wand of random effects (29)
 J - a wand of cold (2)
 K - a wand of draining (6)
Scrolls
 e - 2 scrolls of magic mapping
 f - a scroll of recharging {unknown}
 g - 2 scrolls of identify
 h - 4 scrolls of random uselessness
 i - a scroll of enchant armour
 p - a scroll of noise {unknown}
 s - a scroll of blinking {unknown}
 u - 2 scrolls of remove curse
 z - a scroll of fog {unknown}
 E - a scroll of vulnerability {unknown}
 L - a scroll of brand weapon {unknown}
Potions
 c - a potion of mutation
 n - a potion of beneficial mutation
 o - a potion of berserk rage
 q - a potion of resistance
 r - a potion of might {unknown}
 A - a potion of poison {unknown}
 H - a potion of ambrosia {unknown}
Books
 b - a book of Flames

   Spells                             Type                      Level
   a - Flame Tongue                   Conjuration/Fire             1
   b - Throw Flame                    Conjuration/Fire             2
   c - Conjure Flame                  Conjuration/Fire             3
   d - Inner Flame                    Hexes/Fire                   3
   e - Sticky Flame                   Conjuration/Fire             4
   f - Fireball                       Conjuration/Fire             5
 y - an Akashic Record

   Spells                             Type                      Level
   a - Dispersal                      Translocation                6
   b - Malign Gateway                 Summoning/Translocation      7
   c - Disjunction                    Translocation                8
   d - Controlled Blink               Translocation                8
Comestibles
 k - 2 meat rations
 v - 8 fruits
 x - 2 royal jellies
 F - 2 bread rations


   Skills:
 + Level 1.9 Fighting
 + Level 1.2 Short Blades
 + Level 5.2 Dodging
 + Level 4.4 Stealth
 + Level 12.2 Spellcasting
 + Level 8.9 Conjurations
 + Level 10.5 Fire Magic
 + Level 0.7 Evocations


You had 18 spell levels left.
You knew the following spells:

 Your Spells              Type           Power        Failure   Level  Hunger
a - Flame Tongue          Conj/Fire      #####        1%          1    None
b - Throw Flame           Conj/Fire      ######       1%          2    None
c - Conjure Flame         Conj/Fire      ######..     1%          3    None
d - Sticky Flame          Conj/Fire      ######..     1%          4    None
e - Fireball              Conj/Fire      ######....   2%          5    ###....


Dungeon Overview and Level Annotations

Branches:
Dungeon (10/15)            Temple (1/1) D:7            Lair (1/8) D:9
    Orc: D:9-12

Altars:
Dithmenos
Nemelex Xobeh
Okawaru
Ru
Sif Muna
Vehumet
Yredelemnul

Shops:
D:4 *   D:7 *   D:8 ?


Innate Abilities, Weirdness & Mutations

You have a pair of small antennae on your head.
You are weak. (Str -2)
You expend magic power (3 MP) to strengthen your wands.


Message History

Casting: Conjure Flame
Confirm with . or Enter, or press ? or * to list all spells.
Aiming: Flame Tongue
Press: ? - help, Shift-Dir - straight line, f - elephant
Aim: an elephant (flame, lightly wounded)
The flame tongue hits the elephant.
The elephant is lightly wounded.
The elephant is engulfed in roaring flames.
The elephant tramples you!!
You hold your ground!
The elephant barely misses you.
Casting: Flame Tongue
Confirm with . or Enter, or press ? or * to list all spells.
Aiming: Flame Tongue
Press: ? - help, Shift-Dir - straight line, f/p - elephant
Aim: an elephant (flame, moderately wounded)
The flame tongue hits the elephant.
The elephant is moderately wounded.
The elephant is engulfed in roaring flames.
The elephant tramples you!!
You die...

############
#...........
##<.#####....
####...# .#
##.....### .# .
#...#.##P# ##..#F.
#..#....@.####P#...#.
#....###PY#..F.......
#...# #..†.....#...#.
#... #.......!..†...
#.... #..#.######.#r.
###.. #..### #..#
#..# #..


You could see an elephant.

Vanquished Creatures
  Erolcha (D:9)
  2 hill giants
  A black mamba (Lair:1)
  Psyche (D:9)
  A troll (D:8)
  Prince Ribbit (D:7)
  A deep elf mage (D:9)
  A wyvern (D:9)
  8 yaks
  A deep elf fighter (D:9)
  2 hippogriffs
  A necrophage (D:7)
  4 ogres
  2 sky beasts
  2 centaurs
  3 crocodiles (D:9)
  2 giant frogs
  5 killer bees (D:8)
  3 scorpions
  3 crimson imps
  A centaur skeleton (D:8)
  3 jellies
  Crazy Yiuf (D:7)
  Ijyb (D:3)
  4 hounds
  An iguana (D:9)
  2 worker ants
  A hound skeleton (D:10)
  3 gnolls (D:9)
  8 river rats
  13 adders
  An ooze (D:2)
  5 worms
  3 giant geckos
  11 orcs
  14 bats
  8 goblins
  5 hobgoblins
  10 jackals
  2 ball pythons
  3 giant cockroaches
  A giant gecko skeleton (D:9)
  6 giant newts
  11 kobolds
  6 quokkas
  17 rats
  A spectral orc (D:8)
187 creatures vanquished.

Vanquished Creatures (others)
  A hobgoblin (D:1)
  17 fungi (D:9)
  11 plants (D:9)
29 creatures vanquished.

Grand Total: 216 creatures vanquished

Notes
Turn   | Place    | Note
--------------------------------------------------------------
     0 | D:1      | Ohshi the Deep Elf Fire Elementalist began the quest for the Orb.
     0 | D:1      | Reached XP level 1. HP: 10/10 MP: 6/6
   121 | D:1      | Reached XP level 2. HP: 13/15 MP: 2/8
   281 | D:1      | Reached skill level 4 in Fire Magic
   405 | D:2      | Reached XP level 3. HP: 15/19 MP: 6/10
   566 | D:2      | Reached XP level 4. HP: 24/24 MP: 4/12
  1066 | D:2      | Found a shadowy altar of Dithmenos.
  1066 | D:2      | Found an iron altar of Okawaru.
  1341 | D:3      | Reached XP level 5. HP: 14/28 MP: 4/13
  1551 | D:2      | Learned a level 2 spell: Throw Flame
  1555 | D:2      | Learned a level 3 spell: Conjure Flame
  1560 | D:2      | Learned a level 4 spell: Sticky Flame
  1568 | D:3      | Reached skill level 5 in Fire Magic
  2043 | D:3      | Noticed Ijyb
  2177 | D:3      | Killed Ijyb
  2255 | D:3      | Gained mutation: You have a pair of small antennae on your head. [potion of mutation]
  2255 | D:3      | Gained mutation: You are weak. (Str -2) [potion of mutation]
  2255 | D:3      | Gained mutation: You expend magic power (3 MP) to strengthen your wands. [potion of mutation]
  2318 | D:4      | Found Gozag's Platinum Reserve.
  2338 | D:4      | You fall through a shaft for 3 floors!
  2535 | D:7      | Noticed a necrophage
  2550 | D:7      | Killed a necrophage
  2550 | D:7      | Reached skill level 5 in Spellcasting
  2550 | D:7      | Reached XP level 6. HP: 32/32 MP: 2/16
  2646 | D:7      | Learned a level 5 spell: Fireball
  2659 | D:7      | Noticed Prince Ribbit
  2664 | D:7      | Noticed a sky beast
  2666 | D:7      | Killed Prince Ribbit
  2666 | D:7      | Reached skill level 6 in Spellcasting
  2666 | D:7      | Reached XP level 7. HP: 13/37 MP: 7/18
  2672 | D:7      | Killed a sky beast
  2955 | D:7      | Found a staircase to the Ecumenical Temple.
  2958 | Temple   | Entered the Ecumenical Temple
  2974 | Temple   | Became a worshipper of Sif Muna the Loreminder
  3121 | D:7      | Noticed Crazy Yiuf
  3129 | D:7      | Killed Crazy Yiuf
  3345 | D:8      | Found Bomom's Magic Scroll Shop.
  3350 | D:8      | Reached skill level 7 in Spellcasting
  3409 | D:7      | Found Xaicwas's Assorted Antiques.
  3610 | D:7      | Bought a sharpened wooden wand for 92 gold pieces
  3610 | D:7      | Bought an iron wand for 92 gold pieces
  3714 | D:7      | Reached XP level 8. HP: 17/42 MP: 8/20
  3943 | D:7      | Reached * piety under Sif Muna
  4040 | D:8      | Reached skill level 1 in Fighting
  4040 | D:8      | Reached skill level 5 in Conjurations
  4082 | D:8      | Found a radiant altar of Vehumet.
  4219 | D:8      | Noticed a hill giant
  4237 | D:8      | Reached skill level 8 in Spellcasting
  4447 | D:8      | Killed a hill giant
  4447 | D:8      | Reached ** piety under Sif Muna
  4447 | D:8      | Reached skill level 9 in Spellcasting
  4447 | D:8      | Reached XP level 9. HP: 41/47 MP: 2/24
  4574 | D:8      | Found a basalt altar of Yredelemnul.
  4970 | D:9      | Noticed a hill giant
  4995 | D:9      | HP: 2/47 [hill giant/giant club (30)]
  5533 | D:9      | Reached *** piety under Sif Muna
  5533 | D:9      | Reached skill level 10 in Spellcasting
  5537 | D:9      | Killed a hill giant
  5537 | D:9      | Reached skill level 1 in Short Blades
  5537 | D:9      | Reached skill level 5 in Dodging
  5759 | D:9      | Noticed Psyche
  5927 | D:9      | Noticed Erolcha
  5935 | D:8      | Reached **** piety under Sif Muna
  5935 | D:8      | Reached skill level 11 in Spellcasting
  5935 | D:8      | Reached XP level 10. HP: 40/53 MP: 13/27
  6016 | D:9      | Killed Erolcha
  6165 | D:9      | Killed Psyche
  6355 | D:9      | Reached ***** piety under Sif Muna
  6373 | D:9      | Found a staircase to the Lair.
  6471 | D:10     | Entered Level 10 of the Dungeon
  6555 | D:10     | Reached skill level 10 in Fire Magic
  6733 | Lair:1   | Entered Level 1 of the Lair of Beasts
  6860 | Lair:1   | Reached skill level 12 in Spellcasting
  6961 | Lair:1   | Noticed a black mamba
  6963 | Lair:1   | Killed a black mamba
  7069 | Lair:1   | Noticed an elephant
  7073 | Lair:1   | Slain by an elephant

Action                   |  1- 3 |  4- 6 |  7- 9 | 10-12 || total
-------------------------+-------+-------+-------+-------++-------
Melee: Short sword       |    14 |    20 |    67 |       ||   101
       Dagger            |       |       |       |    27 ||    27
 Cast: Flame Tongue      |    43 |   128 |   143 |    61 ||   375
       Conjure Flame     |       |     3 |    13 |     6 ||    22
       Throw Flame       |       |       |    37 |    16 ||    53
       Sticky Flame      |       |       |     7 |     5 ||    12
       Fireball          |       |       |    11 |    11 ||    22
Evoke: Wand              |       |       |       |     1 ||     1
  Use: Potion            |       |     1 |     2 |       ||     3
       Scroll            |       |       |    10 |     1 ||    11
  Eat: Beef jerky        |       |     2 |     1 |       ||     3
       Bread ration      |       |     1 |       |       ||     1
       Meat ration       |       |       |     3 |       ||     3
